 Dungeon Crawl Stone Soup version 0.30-a0-920-g7493c07aab (webtiles) character file.

Game seed: 6784566939755336795

58033 cforsyth the Bludgeoner (level 15, -2/119 HPs)
             Began as a Human Fighter on Mar 22, 2023.
             Was the Champion of Okawaru.
             Killed from afar by an oklob plant (4 damage)
             ... with a splash of acid
             ... on level 5 of the Lair of Beasts.
             The game lasted 00:45:35 (18450 turns).

cforsyth the Bludgeoner (Human Fighter)            Turns: 18450, Time: 00:45:35

Health: -2/119     AC: 17    Str: 26    XL:     15   Next: 28%
Magic:  15/15      EV:  7    Int: 11    God:    Okawaru [******]
Gold:   1483       SH:  0    Dex: 12    Spells: 14/14 levels left

rFire   + + .      SeeInvis .    H - +4 dire flail (protect)
rCold   + . .      Faith    .    (shield currently unavailable)
rNeg    . . .      Spirit   .    K - +0 plate armour
rPois   .          Reflect  .    (no helmet)
rElec   +          Rampage  +    C - +0 cloak of Zeezinef {Rampage rElec rF++}
rCorr   .                        y - +5 pair of gloves of Hunloud {Str+4}
Will    +....                    A - +0 pair of boots Stlth
                                 D - amulet of regeneration
HPRegen 1.19/turn                N - ring of protection from cold
MPRegen 0.14/turn                i - +4 ring of slaying

@: corroded, under a protective aura
A: hooves 2, iridescent scales 1
a: Renounce Religion, Heroism, Finesse, Duel


You were on level 5 of the Lair of Beasts.
You worshipped Okawaru.
Okawaru was exalted by your worship.
You visited 3 branches of the dungeon, and saw 18 of its levels.
You also visited: Ossuary and Ice Cave.

You collected 1483 gold pieces.

Inventory:

Hand Weapons
 n - a +1 flail of holy wrath
 G - a +0 morningstar
 H - a +4 dire flail of protection (weapon)
Armour
 c - a +0 buckler
 t - a +1 cloak
 y - the +5 pair of gloves of Hunloud (worn) {Str+4}
   (Okawaru gifted it to you on level 1 of the Lair of Beasts)

   Str:       It affects your strength (+4).
 A - a +0 pair of boots (worn)
 C - the +0 cloak of Zeezinef (worn) {Rampage rElec rF++}
   (You found it on level 5 of the Lair of Beasts)

   rF:        It greatly protects you from fire.
   rElec:     It insulates you from electricity.
   Rampage:   It bestows one free step when moving towards enemies.
 K - a +0 plate armour (worn)
 M - a +2 pair of gloves of hurling
Jewellery
 b - a +4 ring of protection
 f - a +6 ring of strength
 i - a +4 ring of slaying (right hand)
 p - a ring of protection from fire
 D - an amulet of regeneration (around neck)
 N - a ring of protection from cold (left hand)
 O - a ring of see invisible
 P - a +6 ring of strength
 U - a ring of flight
 Y - a +4 ring of slaying
 Z - a ring of ice
Wands
 m - a wand of flame (47)
 o - a wand of mindburst (5)
 r - a wand of paralysis (18)
 s - a wand of digging (9)
 F - a wand of quicksilver (7)
Scrolls
 a - a scroll of fog
 e - 5 scrolls of identify
 h - 3 scrolls of poison
 l - 8 scrolls of teleportation
 q - 4 scrolls of fear
 u - a scroll of silence
 x - 3 scrolls of magic mapping
 B - 2 scrolls of immolation
 J - a scroll of brand weapon
 V - 2 scrolls of enchant armour
 W - 2 scrolls of vulnerability
 X - 4 scrolls of enchant weapon
Potions
 d - 3 potions of curing
 g - 5 potions of attraction
 j - 3 potions of brilliance
 k - 2 potions of berserk rage
 v - 5 potions of mutation
 w - 3 potions of might
 z - 3 potions of heal wounds
 E - a potion of invisibility
 I - 4 potions of lignification
 L - 3 potions of magic
 S - a potion of haste
 T - 3 potions of resistance


   Skills:
 + Level 11.5 Fighting
 - Level 19.0 Maces & Flails
 + Level 11.6 Armour
 - Level 8.3 Shields


You had 14 spell levels left.
You didn't know any spells.
Your spell library contained the following spells:

 Spells                   Type           Power      Damage    Failure   Level
 Beastly Appendage        Tmut           0%         N/A       96%         1
 Sting                    Tmut/Pois      0%         1d3       96%         1
 Lesser Beckoning         Tloc           0%         N/A       99%         2
 Poisonous Vapours        Pois/Air       0%         N/A       99%         2
 Wereblood                Tmut           0%         N/A       99%         2
 Gell's Gravitas          Tloc           0%         N/A       100%        3
 Inner Flame              Hex/Fire       0%         N/A       100%        3
 Portal Projectile        Hex/Tloc       0%         N/A       100%        3
 Spider Form              Tmut/Pois      0%         N/A       100%        3
 Teleport Other           Tloc           0%         N/A       100%        3
 Flame Wave               Conj/Fire      0%         2d4       100%        4
 Leda's Liquefaction      Hex/Erth       0%         N/A       100%        4
 Olgreb's Toxic Radiance  Pois           0%         N/A       100%        4
 Sticky Flame             Conj/Fire      0%         2d3       100%        4
 Blade Hands              Tmut           0%         N/A       100%        5
 Freezing Cloud           Conj/Ice/Air   0%         6-21      100%        5
 Borgnjor's Revivificati  Necr           0%         N/A       100%        8
 Necromutation            Tmut/Necr      0%         N/A       100%        8
 Death's Door             Necr           0%         N/A       100%        9
 Polar Vortex             Ice            0%         N/A       100%        9
 Call Canine Familiar     Summ           Unusable   N/A       N/A         3
 Tukima's Dance           Hex            Unusable   N/A       N/A         3
 Simulacrum               Ice/Necr       Unusable   N/A       N/A         6

Dungeon Overview and Level Annotations

Branches:
Dungeon (12/15)            Temple (1/1) D:4            Lair (5/5) D:8
  Swamp (0/4) Lair:3        Snake (0/4) Lair:2        Slime (0/5) Lair:5
Ossuary (visited)           IceCv (visited)
    Orc: D:9-12

Altars:
Ashenzari
Elyvilon
Fedhas
Gozag
Kikubaaqudgha
Makhleb
Nemelex Xobeh
Okawaru
Qazlal
Ru
Sif Muna
Trog
Uskayaw
Vehumet
Wu Jian
Xom
Zin
The Shining One
Jiyva

Annotations:
D:3 exclusion: statue
D:12 Frances
Lair:5 exclusions: obsidian statue and 3 oklob plants


Innate Abilities, Weirdness & Mutations

You have hoof-like feet.
You are partially covered in iridescent scales. (AC +2)


Message History

Unknown command.
Press < or > to pray at altars.
You hit the oklob plant.
Your weapon exudes an aura of protection.
The oklob plant is lightly damaged.
You hit the oklob plant but do no damage.
The oklob plant is lightly damaged.
The oklob plant spits acid at you. The splash of acid hits you!
The acid corrodes you!
You hit the oklob plant but do no damage.
The oklob plant is lightly damaged.
You hit the oklob plant.
The oklob plant is moderately damaged.
The oklob plant spits acid at you. The splash of acid hits you.
The oklob plant spits acid at you. The splash of acid hits you!
The acid corrodes you!
You sock the oklob plant!
The oklob plant is moderately damaged.
The oklob plant spits acid at you. The splash of acid hits you!!
The acid corrodes you! The oklob plant spits acid at you.
The splash of acid hits you!
* * * LOW HITPOINT WARNING * * *
The oklob plant spits acid at you. The splash of acid hits you!
* * * LOW HITPOINT WARNING * * *
The acid corrodes you! The oklob plant spits acid at you.
The splash of acid hits you!
* * * LOW HITPOINT WARNING * * *
As you read the scroll of fog, it crumbles to dust.
The scroll dissolves into smoke.
The oklob plant spits acid at you. The splash of acid hits you.
* * * LOW HITPOINT WARNING * * *
The acid corrodes you! The oklob plant spits acid at you.
The splash of acid hits you.
You die...

############ #########
##....§§..#.### #.#P##..#
##.....§§§§..#.####......#
#....#.§§@§....P###.......
#....####§§§_P...##....)..
##.....###.§..>..##.......
#.....#####.P..#.#.......
##.......########........
#........# ##...†...
##.......## ####.......
#####.....####.#........
##..........##...........


You could see 2 oklob plants.

Vanquished Creatures
  5 dire elephants (Lair:5)
  Fannar (Lair:2)
  A hydra (Lair:4)
  2 catoblepae
  A boulder beetle (D:11)
  2 two-headed ogres
  13 death yaks
  A spectral dire elephant (Lair:5)
  4 skysharks
  A spectral death yak (Lair:5)
  A spectral anaconda (Lair:5)
  Pikel (D:8)
  3 necromancers (Lair:5)
  An oklob plant (Lair:1)
  An ugly thing (Lair:4)
  8 elephants
  A dire elephant zombie (Lair:5)
  Maurice (D:10)
  Joseph (D:9)
  6 black mambas
  6 gargoyles (D:8)
  A torpor snail (Lair:1)
  A dire elephant skeleton (Lair:5)
  8 cane toads
  2 rime drakes
  A freezing wraith (IceCv)
  Psyche (D:9)
  3 kobold demonologists
  4 komodo dragons
  2 trolls
  A hornet (D:8)
  2 polar bears (Lair:4)
  8 blink frogs (Lair:1)
  A spectral elephant (Lair:5)
  4 slime creatures (D:9)
  7 wyverns
  60 yaks
  A vampire (D:10)
  A steam dragon (D:8)
  2 basilisks
  A hog (shapeshifter) (D:11)
  Grum (D:11)
  2 vampire mosquitoes (D:11)
  A death yak simulacrum (Lair:5)
  2 nagas (Lair:2)
  12 water moccasins
  2 sky beasts
  4 orc warriors
  2 elephant zombies (Lair:5)
  5 black bears
  3 ice beasts
  An elephant skeleton (Lair:5)
  7 centaurs
  4 ogres
  12 wolves
  3 lemures (D:8)
  5 kobold brigands
  9 bullfrogs
  Blork the orc (D:4)
  A gnoll sergeant (D:8)
  8 scorpions
  4 cane toad simulacra
  10 wights (D:7)
  13 killer bees
  4 elephant simulacra
  A howler monkey (D:8)
  2 orc priests
  2 human zombies (Ossuary)
  5 jellies
  2 gnoll boudas
  10 hounds
  8 iguanas
  A sleepcap (D:3)
  5 orc wizards
  10 hell rats
  Terence (D:2)
  A polar bear simulacrum (IceCv)
  A scorpion zombie (Ossuary)
  A wolf simulacrum (IceCv)
  3 mummies (Ossuary)
  12 gnolls
  9 adders
  A river rat (D:4)
  3 white imps
  2 ufetubi (D:5)
  A worm zombie (D:4)
  4 worms
  2 dart slugs
  27 orcs
  6 ball pythons
  6 endoplasms
  4 giant cockroaches (D:4)
  2 gnoll zombies (Ossuary)
  6 goblins
  10 hobgoblins
  3 quokkas
  6 bats
  3 frilled lizards
  3 goblin zombies
  2 hobgoblin zombies (Ossuary)
  16 kobolds
  7 kobold zombies (Ossuary)
  8 orc zombies (Ossuary)
  3 rats
  A bush (Lair:1)
488 creatures vanquished.

Vanquished Creatures (others)
  29 fungi
  53 plants
  28 withered plants
110 creatures vanquished.

Grand Total: 598 creatures vanquished

Notes
Turn   | Place    | Note
-------+----------+-------------------------------------------
     0 | D:1      | cforsyth the Human Fighter began the quest for the Orb.
     0 | D:1      | Reached XP level 1. HP: 18/18 MP: 1/1
   147 | D:1      | Reached XP level 2. HP: 18/24 MP: 2/2
   741 | D:2      | Reached XP level 3. HP: 29/29 MP: 3/3
   975 | D:2      | Noticed Terence
   982 | D:2      | Killed Terence
   985 | D:2      | Reached XP level 4. HP: 26/35 MP: 4/4
  1583 | D:3      | Found an opulent altar of Gozag.
  1700 | D:3      | Identified the +2 ring mail "Bear Jio" {Rampage rF++ Int-5
                  | Dex+4}
  1833 | D:3      | Reached XP level 5. HP: 42/42 MP: 5/5
  1876 | D:3      | Reached skill level 3 in Maces & Flails
  1885 | D:3      | Found a radiant altar of Vehumet.
  1885 | D:3      | Noticed a frost-covered statue
  2504 | D:4      | Found a sand-covered staircase.
  2511 | Ossuary  | Entered an ossuary
  2588 | Ossuary  | Reached XP level 6. HP: 48/48 MP: 6/6
  2653 | Ossuary  | Gained mutation: You have large cloven feet. [potion of
                  | mutation]
  2653 | Ossuary  | Gained mutation: You are partially covered in iridescent
                  | scales. (AC +2) [potion of mutation]
  2653 | Ossuary  | Gained mutation: You have hoof-like feet. [potion of
                  | mutation]
  2711 | Ossuary  | Reached XP level 7. HP: 15/55 MP: 7/7
  2732 | Ossuary  | Reached skill level 4 in Maces & Flails
  2791 | Ossuary  | Reached skill level 5 in Shields
  2896 | D:4      | Reached skill level 5 in Fighting
  2896 | D:4      | Reached skill level 5 in Armour
  2896 | D:4      | Reached XP level 8. HP: 44/62 MP: 8/8
  2929 | D:4      | Noticed Blork the orc
  2933 | D:4      | Killed Blork the orc
  2970 | D:4      | Found a staircase to the Ecumenical Temple.
  3069 | D:4      | Reached skill level 5 in Maces & Flails
  3696 | D:5      | Entered Level 5 of the Dungeon
  3959 | D:5      | Reached XP level 9. HP: 69/69 MP: 9/9
  4047 | Temple   | Entered the Ecumenical Temple
  4146 | Temple   | Became a worshipper of Warmaster Okawaru
  4985 | D:6      | Reached skill level 6 in Maces & Flails
  5441 | D:6      | Reached * piety under Okawaru
  5515 | D:6      | Found a sparkling altar of Nemelex Xobeh.
  5764 | D:7      | Reached ** piety under Okawaru
  5817 | D:7      | Reached XP level 10. HP: 71/79 MP: 10/10
  5975 | D:7      | Reached skill level 7 in Maces & Flails
  6296 | D:7      | Noticed a kobold demonologist
  6307 | D:7      | Killed a kobold demonologist
  6827 | D:8      | Reached *** piety under Okawaru
  7037 | D:8      | Paralysed by a hornet for 1 turns
  7042 | D:8      | Paralysed by a hornet for 2 turns
  7043 | D:8      | HP: 2/80 [hornet (12)]
  7120 | D:8      | Noticed Pikel
  7354 | D:8      | Killed Pikel
  7354 | D:8      | Reached **** piety under Okawaru
  7355 | D:8      | Reached skill level 8 in Maces & Flails
  7402 | D:8      | Reached XP level 11. HP: 85/87 MP: 11/11
  7434 | D:8      | Found a glowing golden altar of the Shining One.
  7462 | D:8      | Found an ancient bone altar of Kikubaaqudgha.
  7462 | D:8      | Found a blossoming altar of Fedhas.
  7531 | D:8      | Reached skill level 9 in Maces & Flails
  7706 | D:9      | Noticed a two-headed ogre
  7830 | D:8      | Reached skill level 10 in Maces & Flails
  7875 | D:8      | Reached ***** piety under Okawaru
  7988 | D:8      | Reached skill level 11 in Maces & Flails
  8046 | D:8      | Found a staircase to the Lair.
  8226 | D:8      | Received a gift from Okawaru
  8332 | D:9      | Killed a two-headed ogre
  8333 | D:9      | Reached skill level 12 in Maces & Flails
  8597 | D:9      | Reached XP level 12. HP: 89/94 MP: 12/12
  8619 | D:9      | Noticed Psyche
  8710 | D:9      | Reached skill level 13 in Maces & Flails
  8729 | D:9      | Killed Psyche
  8820 | D:9      | Noticed Joseph
  8832 | D:9      | Killed Joseph
  9044 | D:10     | Entered Level 10 of the Dungeon
  9057 | D:10     | Noticed Maurice
  9067 | D:10     | Killed Maurice
  9270 | D:10     | Reached skill level 14 in Maces & Flails
  9275 | D:10     | Identified the +1 great mace of Dawn {heavy, rPois Str+5}
                  | (Okawaru gifted it to you on level 10 of the Dungeon)
  9275 | D:10     | Received a gift from Okawaru
  9583 | D:11     | Noticed a two-headed ogre
  9596 | D:11     | Killed a two-headed ogre
  9689 | D:11     | Noticed Grum
  9720 | D:11     | Killed Grum
  9851 | D:11     | Reached skill level 15 in Maces & Flails
  9977 | D:11     | Reached ****** piety under Okawaru
 10210 | D:11     | Noticed a boulder beetle
 10251 | D:11     | Killed a boulder beetle
 10430 | D:11     | Reached XP level 13. HP: 95/99 MP: 13/13
 10826 | D:12     | Noticed Frances
 11087 | Lair:1   | Entered Level 1 of the Lair of Beasts
 11113 | Lair:1   | Reached skill level 16 in Maces & Flails
 11250 | Lair:1   | Noticed a catoblepas
 11263 | Lair:1   | Killed a catoblepas
 11704 | Lair:1   | Identified the +5 pair of gloves of Hunloud {Str+4}
                  | (Okawaru gifted it to you on level 1 of the Lair of Beasts)
 11704 | Lair:1   | Received a gift from Okawaru
 11719 | Lair:1   | Reached skill level 17 in Maces & Flails
 12919 | Lair:2   | Noticed Fannar
 12999 | Lair:2   | Found a staircase to the Snake Pit.
 13037 | Lair:2   | Reached skill level 18 in Maces & Flails
 13412 | Lair:2   | Killed Fannar
 14030 | Lair:3   | Found a staircase to the Swamp.
 14272 | Lair:3   | Reached XP level 14. HP: 82/101 MP: 14/14
 14444 | Lair:3   | Identified the +1 rapier of Melee {spect, Fly rCorr}
                  | (Okawaru gifted it to you on level 3 of the Lair of Beasts)
 14444 | Lair:3   | Received a gift from Okawaru
 14851 | Lair:3   | Reached skill level 19 in Maces & Flails
 15132 | Lair:4   | Found a frozen archway.
 15138 | IceCv    | Entered an ice cave
 15180 | IceCv    | Found a transporter.
 15187 | IceCv    | Found a transporter.
 15822 | Lair:3   | Received a gift from Okawaru
 16171 | Lair:4   | Reached skill level 10 in Armour
 16234 | Lair:4   | Reached skill level 10 in Fighting
 16620 | Lair:5   | Entered Level 5 of the Lair of Beasts
 16790 | Lair:5   | Identified the scarf of Inevitability {harm, Contam rC++}
                  | (Okawaru gifted it to you on level 5 of the Lair of Beasts)
 16790 | Lair:5   | Received a gift from Okawaru
 16889 | Lair:5   | Identified the +3 hand axe of Valiance {protect, Dex+2}
 16987 | Lair:5   | Found a viscous altar of Jiyva.
 17354 | Lair:5   | Noticed a dire elephant
 17354 | Lair:5   | Noticed a dire elephant
 17354 | Lair:5   | Noticed a dire elephant
 17355 | Lair:5   | Noticed a dire elephant
 17555 | Lair:5   | Reached XP level 15. HP: 117/117 MP: 15/15
 18127 | Lair:5   | Identified the +0 cloak of Zeezinef {Rampage rElec rF++}
 18437 | Lair:5   | Found a staircase to the Slime Pits.
 18448 | Lair:5   | HP: 1/119 [oklob plant/splash of acid (8)]
 18450 | Lair:5   | Killed from afar by an oklob plant

Illustrated notes

Levels and vault maps discovered:
D:1:      scummos_arrival_forest, layout_loops_cross
D:2:      layout_basic, uniq_terence
D:3:      layout_basic, vehumet_statue, mainiacjoe_overflow_tiny_flanked,
          minmay_misc_feat_encased, grunt_ministairs_14, serial_park_tiny_1
D:4:      layout_basic, minmay_temple_entry_purple_smoke, portal_sewer_entry_e,
          enter_ossuary_3, nicolae_figureground_sparkle, uniq_blork_the_orc
D:5:      layout_loops_ring, grunt_decor_resistance
D:6:      layout_basic, nemelex_spade_bored_becter
D:7:      layout_loops_ring, nrook_campfire
D:8:      cheibrodos_statue_roulette, layout_basic,
          grunt_temple_overflow_growth_and_decay, mainiacjoe_overflow_catwalk,
          grunt_lair_entry_orc_guard_hut, uniq_pikel
D:9:      layout_rooms, nicolae_titane, uniq_joseph, uniq_psyche
D:10:     layout_roguey, uniq_maurice
D:11:     layout_basic, grunt_ministairs_13, uniq_grum
D:12:     layout_roguey, david_orc_4, serial_shops, shop,
          nicolae_nh_oracle_at_delphi, uniq_frances
Temple:   eino_temple_scatter_basement
Lair:1:   layout_loops_ring, serial_bayou_pond_a, minmay_lair_oklob_bushes,
          grunt_megastairs_5
Lair:2:   hellmonk_ruined_rings, layout_gridlike, guppyfry_snake_entry_garden,
          chequers_serial_rivers_micro_e, dreamdust_mushroom_princess,
          uniq_fannar
Lair:3:   layout_regular_city, swamp_mist, chequers_serial_rivers_room_b
Lair:4:   layout_regular_city, portal_ice_cave_entry_pillars_1
Lair:5:   due_jungle_book, layout_cave_pods, minmay_slime_entry_oklob_enclosed,
          grunt_megastairs_4

Skill      XL: |  1  2  3  4  5  6  7  8  9 10 11 12 13 14 15 |
---------------+----------------------------------------------+-----
Maces & Flails | 3 4 5 6 8 12 15 18 19 | 19.0
Fighting       | 4 5 7 8 10 11 | 11.5
Shields        | 4 5 6 7 8 |  8.3
Armour         | 4 5 6 7 8 10 11 | 11.6

Action                     |  1- 3 |  4- 6 |  7- 9 | 10-12 | 13-15 || total
---------------------------+-------+-------+-------+-------+-------++-------
  Melee: Flail             |    79 |   132 |   215 |   746 |   742 ||  1914
         Kick              |       |     4 |    58 |       |       ||    62
         Dire flail        |       |       |       |       |   335 ||   335
  Evoke: Wand              |       |       |       |     1 |     4 ||     5
    Use: Scroll            |       |     4 |     7 |     6 |    12 ||    29
         Potion            |       |     4 |     3 |     3 |     2 ||    12
 Armour: Scale mail        |    38 |    24 |       |       |       ||    62
         Chain mail        |       |    33 |   115 |   133 |       ||   281
         Plate armour      |       |       |       |   273 |   673 ||   946
  Dodge: Dodged            |    32 |    54 |    79 |   211 |   274 ||   650
  Block: Buckler           |    18 |    24 |    47 |   166 |   183 ||   438

Table legend: (Time is in decaauts)
 A = Elapsed time spent in this place.
 B = Non-inter-level travel time spent in this place.
 C = Inter-level travel time spent in this place.
 D = Time resting spent in this place.
 E = Time spent auto-exploring this place.
 F = Levels seen in this place.
 G = Mean time per level.
                   A        B        C        D        E       F      G
               +--------+--------+--------+--------+--------+-----+--------+
         Total |  18140 |  17124 |   1016 |   1444 |  11142 |  20 |  907.0 |
       Dungeon |  10600 |   9803 |    797 |    566 |   6724 |  12 |  883.3 |
        Temple |    112 |    103 |      9 |      0 |     61 |   1 |  112.0 |
          Lair |   6984 |   6776 |    208 |    878 |   4348 |   5 | 1396.8 |
       Ossuary |    378 |    378 |      0 |      0 |      0 |   1 |  378.0 |
      Ice Cave |     64 |     64 |      0 |      0 |      8 |   1 |   64.0 |
               +--------+--------+--------+--------+--------+-----+--------+

Top non-repeatable levels by time:
     D:8: 1800 daAuts
  Lair:1: 1798 daAuts
  Lair:5: 1738 daAuts
  Lair:3: 1256 daAuts
  Lair:4: 1221 daAuts
    D:11: 1166 daAuts
     D:4: 1056 daAuts
     D:3: 1024 daAuts
     D:7: 991 daAuts
  Lair:2: 969 daAuts
     D:5: 833 daAuts
     D:2: 803 daAuts
     D:9: 728 daAuts
     D:1: 726 daAuts
     D:6: 707 daAuts
